 Dungeon Crawl Stone Soup version 0.32-a0-868-g153ae1a8d6 (webtiles) character file.

Game seed: 7670618983315447252

58 Biggs the Shooter (level 4, -1/33 HPs)
             Began as a Coglin Hunter on Mar 29, 2024.
             Slain by a gnoll
             ... wielding a +0 flail
              (7 damage)
             ... on level 2 of the Dungeon.
             The game lasted 00:01:29 (989 turns).

Biggs the Shooter (Coglin Hunter)                    Turns: 989, Time: 00:01:30

Health: -1/33      AC:  4    Str: 11    XL:     4   Next: 2%
Magic:  4/4        EV: 11    Int:  9    God:
Gold:   61         SH:  0    Dex: 19    Spells: 3/3 levels left

rFire   . . .        a - +2 sling {Wira}
rCold   . . .        d - +0 sling {Araceli}
rNeg    . . .        c - +0 leather armour
rPois   .            (no helmet)
rElec   .            (no cloak)
rCorr   .            j - +0 pair of gloves
SInv    .            (no boots)
Will    .....        (amulet unavailable)
Stlth   ++           (ring unavailable)
HPRegen 0.25/turn    (ring unavailable)
MPRegen 0.09/turn    (no gizmo)

%: no passive effects
@: revved
A: off-hand wielding, slow wielding, warmup strikes, no jewellery, mutation
resistance 1, subdued magic 1, inability to drink after injury 1
a: Invent Gizmo


You were on level 2 of the Dungeon.
You visited 1 branch of the dungeon, and saw 2 of its levels.

You collected 61 gold pieces.

Inventory:

Hand Weapons
 a - a +2 sling (weapon) {Wira}
 d - a +0 sling (offhand) {Araceli}
Armour
 c - a +0 leather armour (worn)
 j - a +0 pair of gloves (worn)
Scrolls
 b - a scroll of butterflies
 g - a scroll of fog {unknown}
 h - 2 scrolls of identify {unknown}
 i - 2 scrolls of revelation {unknown}
 k - a scroll of noise {unknown}
Potions
 e - a potion of attraction {unknown}
 f - a potion of mutation
 l - a potion of heal wounds {unknown}
 m - a potion of curing {unknown}


   Skills:
 - Level 2.0 Fighting
 + Level 5.0 Ranged Weapons
 - Level 1.7 Dodging
 - Level 0.7 Stealth


You had 3 spell levels left.
You didn't know any spells.
Your spell library was empty.

Dungeon Overview and Level Annotations

Branches:
Dungeon (2/15)

Altars:


Innate Abilities, Weirdness & Mutations

You can wield a second weapon in your off-hand.
It takes a long time for you to wield or remove held weapons.
Your first few attacks do less damage.
You cannot equip rings or amulets.
You are somewhat resistant to further mutation.
Your spells are a little easier to cast, but a little less powerful.
You occasionally lose the ability to drink potions when taking damage.


Message History

Fire: a) +2 sling {Wira}
Press: ? - help, Q - select action Shift-Dir - straight line, f/p - gnoll
Aim: a gnoll, wielding a +0 spear (severely wounded, 68% to hit)
You shoot a sling bullet.
The sling bullet barely misses the gnoll.
The sling bullet closely misses the gnoll.
You shoot a sling bullet.
The sling bullet completely misses the gnoll.
The sling bullet closely misses the gnoll.
The gnoll hits you but does no damage.
Unknown command.
Fire: a) +2 sling {Wira}
Press: ? - help, Q - select action Shift-Dir - straight line, f/p - gnoll
Aim: a gnoll, wielding a +0 spear (severely wounded, 68% to hit)
You shoot a sling bullet. The sling bullet hits the gnoll.
The gnoll is heavily wounded.
You shoot a sling bullet. The sling bullet hits the gnoll!
You kill the gnoll!
The gnoll closely misses you.
Unknown command.
Fire: a) +2 sling {Wira}
Press: ? - help, Q - select action Shift-Dir - straight line, f/p - gnoll
Aim: a gnoll, wielding a +0 spear (severely wounded, 68% to hit)
You shoot a sling bullet. The sling bullet hits the gnoll.
The gnoll is almost dead.
You shoot a sling bullet. The sling bullet hits the gnoll!
You kill the gnoll!
The gnoll barely misses you.
The gnoll hits you from afar with a +0 spear.
* * * LOW HITPOINT WARNING * * *
Your Ranged Weapons skill increases to level 5!
You have reached level 4!
You feel clever.
Unknown command.
It was a potion of mutation.
You feel extremely strange.
Your connection to magic feels subdued.
You occasionally lose the ability to drink potions when taking damage.
You feel genetically stable. The gnoll hits you with a +0 flail!
You die...

###.#.##....#
....#.....#.#
######...#####
.............+
#######..#####
...........#
.#.........###
.#.#...#.....######
##.###....#....)@.#
...###.#.##.##g##g#
#........##.#..P...>#
#.####...##.#..g.P....
..#####.###.+.P.........
...<# #....##♣.P~♣P.....
##### ####. ..♣♣~~.....
....~♣ ~~♣.... #. .♣~~
♣~♣..


You could see 2 gnolls.

Vanquished Creatures
  2 gnolls (D:2)
  2 dart slugs
  2 endoplasms (D:2)
  2 giant cockroaches
  8 goblins
  A quokka (D:1)
  3 ball pythons (D:1)
  4 bats (D:1)
  3 frilled lizards (D:1)
  3 kobolds
  5 rats (D:1)
35 creatures vanquished.

Notes
Turn   | Place    | Note
-------+----------+-------------------------------------------
     0 | D:1      | Biggs the Coglin Hunter began the quest for the Orb.
     0 | D:1      | Reached XP level 1. HP: 16/16 MP: 1/1
    82 | D:1      | Reached skill level 4 in Ranged Weapons
    82 | D:1      | Reached XP level 2. HP: 22/22 MP: 2/2
   727 | D:1      | Reached XP level 3. HP: 27/27 MP: 3/3
   989 | D:2      | Reached skill level 5 in Ranged Weapons
   989 | D:2      | Reached XP level 4. HP: 6/33 MP: 4/4
   989 | D:2      | Gained mutation: Your spells are a little easier to cast,
                  | but a little less powerful. [potion of mutation]
   989 | D:2      | Gained mutation: You occasionally lose the ability to drink
                  | potions when taking damage. [potion of mutation]
   989 | D:2      | Gained mutation: You are somewhat resistant to further
                  | mutation. [potion of mutation]
   989 | D:2      | Slain by a gnoll

Illustrated notes

Levels and vault maps discovered:
D:1:      dpeg_arrival_subterranean_lakeside_camping, layout_basic,
          kennysheep_pointless_box, nicolae_kite_square_tiling_tiny
D:2:      layout_basic, minivault_19, minivault_11, serial_bayou_pond_a

Skill      XL: |  1  2  3 |
---------------+----------+-----
Ranged Weapons | 4 5 |  5.0
Fighting       | |  2.0
Dodging        | |  1.7
Stealth        | |  0.7

Action                     |  1- 3 |  4- 6 || total
---------------------------+-------+-------++-------
   Fire: Sling             |   126 |       ||   126
    Use: Potion            |       |     1 ||     1
 Armour: Leather armour    |    18 |     1 ||    19
  Dodge: Dodged            |    19 |       ||    19

Table legend: (Time is in decaauts)
 A = Elapsed time spent in this place.
 B = Non-inter-level travel time spent in this place.
 C = Inter-level travel time spent in this place.
 D = Time resting spent in this place.
 E = Time spent auto-exploring this place.
 F = Levels seen in this place.
 G = Mean time per level.
                   A        B        C        D        E       F      G
               +--------+--------+--------+--------+--------+-----+--------+
         Total |   1003 |    980 |     23 |      0 |    837 |   2 |  501.5 |
       Dungeon |   1003 |    980 |     23 |      0 |    837 |   2 |  501.5 |
               +--------+--------+--------+--------+--------+-----+--------+

Top non-repeatable levels by time:
     D:1: 833 daAuts
     D:2: 169 daAuts
